 Dungeon Crawl Stone Soup version 0.22-a0-580-gd5db89c (webtiles) character file.

1 Amnesiac the Digger (level 1, 10/13 HPs)
             Began as a Formicid Earth Elementalist on July 2, 2018.
             Quit the game on level 1 of the Dungeon.
             The game lasted 00:00:48 (63 turns).

Amnesiac the Digger (Formicid Earth Elementalist)     Turns: 63, Time: 00:00:49

Health: 10/13      AC:  5    Str: 12    XL:     1   Next: 22%
Magic:  1/3        EV: 12    Int: 14    God:
Gold:   12         SH:  0    Dex: 11    Spells: 3/4 levels left

rFire    . . .     SeeInvis +   f - +0 dagger
rCold    . . .     Gourm    .   (no shield)
rNeg     . . .     Faith    .   c - +0 robe
rPois    .         Spirit   .   (helmet unavailable)
rElec    .         Reflect  .   a - +2 cloak
rCorr    .         Harm     .   (no gloves)
MR       .....                  (no boots)
Stlth    ++........             (no amulet)
HPRegen  0.04/turn              (no ring)
MPRegen  0.08/turn              (no ring)

@: very slightly contaminated
A: permanent stasis, dig shafts and tunnels, four strong arms, antennae 3
a: Dig, Shaft Self


You were on level 1 of the Dungeon.
You were not hungry.

You visited 1 branch of the dungeon, and saw 1 of its levels.

You collected 12 gold pieces.

Inventory:

Hand Weapons
 f - a +0 dagger (weapon)
Missiles
 b - 26 stones (quivered)
Armour
 a - a +2 cloak (worn)
 c - a +0 robe (worn)
Potions
 e - a potion of heal wounds {!q, unknown}
Comestibles
 d - a ration


   Skills:
 + Level 0.0 Short Blades
 - Level 1.7 Dodging
 - Level 2.4 Stealth
 - Level 0.4 Unarmed Combat
 - Level 2.1 Spellcasting
   Level 1.1 Transmutations
 - Level 3.6 Earth Magic


You had 3 spell levels left.
You knew the following spells:

 Your Spells              Type           Power        Failure   Level  Hunger
a - Sandblast             Erth           ##....       5%          1    #......

Your spell library contained the following spells:

 Spells                   Type           Power        Failure   Level  Hunger
 Stone Arrow              Conj/Erth      #.....       32%         3    ###....
 Passwall                 Tmut/Erth      #.......     14%         2    ###....
 Lee's Rapid Deconstruct  Erth           ##........   82%         5    ######.
 Petrify                  Tmut/Erth      #.......     65%         4    #####..


Dungeon Overview and Level Annotations

Branches:
Dungeon (1/15)

Altars:


Innate Abilities, Weirdness & Mutations

You cannot be hasted, slowed, berserked, paralysed or teleported.
You can dig through walls and to a lower floor.
Your four strong arms can wield two-handed weapons with a shield.
You have a pair of large antennae on your head. (SInv)


Message History

Throwing (i - inventory)
b - 29 stones (quivered)
Press: ? - help, Shift-Dir - straight line, f/p - goblin
Aim: a goblin You throw a stone.
The stone closely misses the goblin. (m)acro, (M)acro raw, keymap [(k) default, (x) level-map, (t)argeting, (c)onfirm, m(e)nu], (s)ave?
Input macro trigger key: \{-1015} Current Action: ff Do you wish to (r)edefine, (c)lear, or (a)bort?
Input macro action: zaf Created macro '\{-1015}' => 'zaf'. (m)acro, (M)acro raw, keymap [(k) default, (x) level-map, (t)argeting, (c)onfirm, m(e)nu], (s)ave?
Saving macros.
Casting: Sandblast (safe; 5% risk of failure)
Confirm with . or Enter, or press ? or * to list all spells.
Aiming: Sandblast (safe; 5% risk of failure)
Press: ? - help, Shift-Dir - straight line, f/p - goblin
Aim: a goblin The blast of sand hits the goblin.
You kill the goblin!
b - 27 stones A bat comes into view.
The bat moves out of view.
Unknown command.
You closely miss the bat. The bat barely misses you.
Casting: Sandblast (safe; 5% risk of failure)
Confirm with . or Enter, or press ? or * to list all spells.
Aiming: Sandblast (safe; 5% risk of failure)
Press: ? - help, Shift-Dir - straight line, f - bat
Aim: a bat You miscast Sandblast.
You are very lightly contaminated with residual magic.
Nothing appears to happen.
The bat closely misses you.
Casting: Sandblast (safe; 5% risk of failure)
Confirm with . or Enter, or press ? or * to list all spells.
Aiming: Sandblast (safe; 5% risk of failure)
Press: ? - help, Shift-Dir - straight line, f/p - bat
Aim: a bat The blast of sand misses the bat.
b - 26 stones The bat hits you but does no damage.
Casting: Sandblast (safe; 5% risk of failure)
Confirm with . or Enter, or press ? or * to list all spells.
You don't have enough magic to cast that spell.
The bat barely misses you. The bat hits you but does no damage. x2
The bat misses you.
Things that are here:
a fizzy inky potion {!q}; a goblin corpse
e - a fizzy inky potion {!q} The bat barely misses you.
The bat hits you. The bat barely misses you.
You barely miss the bat. The bat misses you. The bat hits you.
You hit the bat but do no damage. The bat hits you but does no damage.
There are no items here.
The bat barely misses you.
You see here a dagger.
f - a dagger The bat hits you but does no damage.
The bat hits you.
Wield which item (- for none, * to show all)? (? for menu, Esc to quit)
f - a +0 dagger (weapon)
The bat hits you but does no damage.
Are you sure you want to abandon this character and quit the game? (Confirm with "yes".)

#.#.#### #
#.#......
##.#.....#
#.....##.##
#..?......#
#########.........#
#............b.#..#
#.#######.........#
#.# #†..#@#.#.# #.#
#..##.# #.# #..##.#
#.# #[.##.# #.#
#..##.. #.# #(..###
#.### ##.( #...#
#..# ###[# #..#


You could see a bat.

Vanquished Creatures
  A goblin (D:1)
1 creature vanquished.

Notes
Turn   | Place    | Note
-------+----------+-------------------------------------------
     0 | D:1      | Amnesiac the Formicid Earth Elementalist began the quest for the Orb.
     0 | D:1      | Reached XP level 1. HP: 13/13 MP: 3/3
    63 | D:1      | Quit the game

Vault maps used:
D:1:      minmay_arrival_stair_chambers, minmay_shallow_snake_nest

Action                   || total
-------------------------++-------
Melee: Unarmed           ||     3
Throw: Stone             ||     2
 Cast: Sandblast         ||     2
Armor: Robe              ||     6
Dodge: Dodged            ||     8

Table legend:
 A = Spawn XP
 B = Non-spawn XP
 C = Spawn XP percentage of total XP
 D = Spawn monster count
 E = Non-spawn monster count
 F = Spawn count percentage of total count
 G = Total turns spent on level
                    A         B        C        D         E        F      G
               +---------+---------+-------+---------+---------+-------+---------
         Total |       0 |       2 |   0.0 |       0 |       1 |   0.0 |    63
               +---------+---------+-------+---------+---------+-------+---------
           D:1 |       0 |       2 |   0.0 |       0 |       1 |   0.0 |    63
               +---------+---------+-------+---------+---------+-------+---------
